 Dungeon Crawl Stone Soup version 0.31.0-12-g77e489cdc1 (webtiles) character file.

Game seed: 15634831023628128171

338 sking99 the Digger (level 6, 0/36 HPs)
             Began as a Kobold Earth Elementalist on Feb 22, 2024.
             Was an Initiate of Vehumet.
             Incinerated by a bombardier beetle (5 damage)
             ... with a burning spray
             ... on level 4 of the Dungeon.
             The game lasted 00:05:18 (3490 turns).

sking99 the Digger (Kobold Earth Elementalist)      Turns: 3490, Time: 00:05:19

Health: 0/36       AC:  2    Str:  7    XL:     6   Next: 86%
Magic:  5/10       EV: 15    Int: 17    God:    Vehumet [......]
Gold:   217        SH:  0    Dex: 15    Spells: 7/11 levels left

rFire   . . .        (weapon restricted)
rCold   . . .        (no shield)
rNeg    . . .        a - +0 robe
rPois   .            (no helmet)
rElec   .            (no cloak)
rCorr   .            (no gloves)
SInv    .            (no boots)
Will    .....        (no amulet)
Stlth   ++           (no ring)
HPRegen 0.26/turn    (no ring)
MPRegen 0.12/turn

%: no passive effects
@: on fire, glowing
A: small, no large weapons, nightstalker 3
a: Renounce Religion


You were on level 4 of the Dungeon.
You worshipped Vehumet.
Vehumet was noncommittal.
You visited 2 branches of the dungeon, and saw 5 of its levels.

You collected 217 gold pieces.

Inventory:

Armour
 a - a +0 robe (worn)
Jewellery
 j - a ring of wizardry
 n - a +6 ring of intelligence
 r - an amulet of magic regeneration
Wands
 l - a wand of flame (18)
 q - a wand of paralysis (10)
Scrolls
 d - a scroll of amnesia {unknown}
 e - 2 scrolls of teleportation {unknown}
 f - 4 scrolls of identify {unknown}
 g - a scroll of vulnerability {unknown}
 h - a scroll of revelation {unknown}
 k - a scroll of acquirement {unknown}
 m - a scroll of blinking {unknown}
Potions
 b - a potion of magic
 c - 5 potions of curing {unknown}
 i - a potion of might {unknown}
 o - a potion of berserk rage {unknown}
 p - a potion of ambrosia {unknown}
 s - a potion of mutation {unknown}


   Skills:
 + Level 2.8 Fighting
 - Level 2.4 Dodging
 + Level 4.7 Stealth
 + Level 3.3 Spellcasting
 + Level 1.9 Conjurations
 * Level 5.0 Earth Magic


You had 7 spell levels left.
You knew the following spells:

 Your Spells              Type           Power      Damage    Failure   Level
a - Sandblast             Erth           38%        2d10      2%          1
b - Stone Arrow           Conj/Erth      28%        3d8       12%         3

Your spell library contained the following spells:

 Spells                   Type           Power      Damage    Failure   Level
 Passwall                 Erth           19%        N/A       6%          3
 Scorch                   Fire           4%         2d5       26%         2
 Hailstorm                Conj/Ice       6%         3d5       34%         3
 Brom's Barrelling Bould  Conj/Erth      14%        2d4       38%         4
 Summon Ice Beast         Ice/Summ       2%         N/A       45%         3
 Petrify                  Alch/Erth      11%        N/A       52%         4
 Flame Wave               Conj/Fire      6%         2d5       75%         4
 Sculpt Simulacrum        Ice/Alch       1%         N/A       100%        6
 Summon Cactus Giant      Summ           1%         N/A       100%        6


Dungeon Overview and Level Annotations

Branches:
Dungeon (4/15)             Temple (1/1) D:4

Altars:
Ashenzari
Dithmenos
Nemelex Xobeh
Qazlal
Sif Muna
Vehumet
Wu Jian
Xom
Yredelemnul
Zin
Lugonu


Innate Abilities, Weirdness & Mutations

You are small and have problems with some larger weapons.
You are completely attuned to the shadows.


Message History

Press: ? - help, Shift-Dir - straight line, f/p - bombardier beetle
Aim: a bombardier beetle (89% to hit)
The blast of sand hits the bombardier beetle.
The bombardier beetle is lightly wounded.
The liquid fire burns you!
The bombardier beetle sprays incendiary fluid at you.
The burning spray hits you.
You are even more covered in liquid fire!
Casting: Sandblast (safe; 2% risk of failure)
Confirm with . or Enter, or press ? or * to list all spells.
Aiming: Stone Arrow (quite dangerous; 13% risk of failure)
Press: ? - help, Shift-Dir - straight line, f/p - bombardier beetle
Aim: a bombardier beetle (lightly wounded, 81% to hit)
The stone arrow hits the bombardier beetle!
The bombardier beetle is severely wounded.
The liquid fire burns you!
Casting: Stone Arrow (quite dangerous; 13% risk of failure)
Confirm with . or Enter, or press ? or * to list all spells.
Aiming: Sandblast (safe; 2% risk of failure)
Press: ? - help, Shift-Dir - straight line, f/p - bombardier beetle
Aim: a bombardier beetle (severely wounded, 89% to hit)
The blast of sand hits the bombardier beetle!
You kill the bombardier beetle!
Vehumet accepts your kill. The liquid fire burns you!
Your Earth Magic skill increases to level 5!
You shake off some of the fire as you move.
The liquid fire burns you!
You shake off some of the fire as you move.
The liquid fire burns you!
Unknown command.
You shake off some of the fire as you move.
The liquid fire burns you!
* * * LOW HITPOINT WARNING * * *
You shake off some of the fire as you move.
The liquid fire burns you!
* * * LOW HITPOINT WARNING * * *
You shake off some of the fire as you move.
The liquid fire burns you!
You die...

# #.≈≈≈≈≈≈≈§≈..# #.### #
#.##............# ###.### #
#######.##.##..##.#.#.# #.....# #
#.....#.##.##.###...#.###.###.# #
#.###.#.##.##.#####.......# #.. #
#.# #...........#####.###.###.# #
#.###.###...........#.# #...†.# #
#.....# #.............# ###.###
###.#.### #<....@.......# #.# #
....#.# #..####.###.#.#####.###
###.#.# #..# #.##.............
###.>.#####..####................
......................###########
###########..########.#
..)..........# #.#
###########.#########[#
#<..........#


There were no monsters in sight!

Vanquished Creatures
  2 bombardier beetles (D:4)
  A hound (D:4)
  3 orc priests (D:4)
  A sleepcap (D:4)
  4 adders
  12 dart slugs
  7 ribbon worms
  4 orcs
  2 bats
  5 endoplasms
  2 giant cockroaches (D:2)
  6 goblins
  3 hobgoblins
  4 ball pythons
  3 frilled lizards
  3 kobolds
  A rat (D:2)
63 creatures vanquished.

Notes
Turn   | Place    | Note
-------+----------+-------------------------------------------
     0 | D:1      | sking99 the Kobold Earth Elementalist began the quest for
                  | the Orb.
     0 | D:1      | Reached XP level 1. HP: 10/10 MP: 3/3
   195 | D:1      | Reached XP level 2. HP: 16/16 MP: 3/5
   745 | D:2      | Reached XP level 3. HP: 20/20 MP: 3/6
   781 | D:2      | Reached skill level 1 in Fighting
  1034 | D:2      | Found a faded altar of an unknown god.
  1038 | D:2      | Reached XP level 4. HP: 25/25 MP: 3/8
  1673 | D:3      | Reached skill level 4 in Earth Magic
  1824 | D:3      | Reached XP level 5. HP: 24/30 MP: 3/9
  2499 | D:3      | Learned a level 3 spell: Stone Arrow
  2679 | D:4      | Found a basalt altar of Yredelemnul.
  2819 | D:4      | Found a staircase to the Ecumenical Temple.
  2830 | Temple   | Entered the Ecumenical Temple
  2852 | Temple   | Became a worshipper of Vehumet
  2966 | D:4      | Reached XP level 6. HP: 15/36 MP: 7/10
  3486 | D:4      | Reached skill level 5 in Earth Magic
  3490 | D:4      | Incinerated by a bombardier beetle

Illustrated notes

Levels and vault maps discovered:
D:1:      scummos_arrival_forest, layout_rooms
D:2:      layout_rooms, hellmonk_ecumenical_altar_lost_god
D:3:      kennysheep_slugbush, layout_loops_ring
D:4:      layout_loops_ring, mainiacjoe_overflow_concentric_impassable,
          mainiacjoe_overflow_tiny_flanked, minmay_temple_entry_trees,
          minmay_misc_feat_pillars
Temple:   corrupted_temple

Skill      XL: |  1  2  3  4  5  6 |
---------------+-------------------+-----
Stealth        | 3 4 |  4.7
Fighting       | 1 2 |  2.8
Earth Magic    | 4 5 |  5.0
Spellcasting   | 3 |  3.3
Dodging        | |  2.4
Conjurations   | |  1.9

Action                     |  1- 3 |  4- 6 || total
---------------------------+-------+-------++-------
   Cast: Sandblast         |    40 |    78 ||   118
         Stone Arrow       |       |     2 ||     2
 Armour: Robe              |     2 |    14 ||    16
  Dodge: Dodged            |     2 |    11 ||    13
